 Dungeon Crawl Stone Soup version 0.23.1 (webtiles) character file.

Game seed: 5020651963615271435

585 elfaar the Cudgeler (level 7, -8/62 HPs)
             Began as a Minotaur Berserker on Mar 6, 2019.
             Was a Priest of Trog.
             Mangled by a two-headed ogre
             ... wielding a +0 giant club
              (15 damage)
             ... on level 4 of the Dungeon.
             The game lasted 00:15:29 (2624 turns).

elfaar the Cudgeler (Minotaur Berserker)            Turns: 2624, Time: 00:15:30

Health: -8/62      AC: 16    Str: 23    XL:     7   Next: 15%
Magic:  6/6        EV: 10    Int:  4    God:    Trog [***...]
Gold:   106        SH:  0    Dex: 10    Spells: 6/6 levels left

rFire    . . .     SeeInvis .   a - +1 mace
rCold    . . .     Gourm    .   (no shield)
rNeg     . . .     Faith    .   f - +1 plate armour
rPois    .         Spirit   .   (helmet restricted)
rElec    .         Reflect  .   (no cloak)
rCorr    .         Harm     .   h - +2 pair of gloves
MR       .....                  (no boots)
Stlth    ..........             (no amulet)
HPRegen  0.60/turn              j - +3 ring of evasion
MPRegen  0.10/turn              (no ring)

@: no status effects
A: retaliatory headbutt, horns 2, sense surroundings 1, regeneration 1
a: Berserk, Trog's Hand, Renounce Religion


You were on level 4 of the Dungeon.
You worshipped Trog.
Trog was most pleased with you.
You were near starving.

You visited 1 branch of the dungeon, and saw 4 of its levels.
You also visited: Ossuary.

You collected 106 gold pieces.

Inventory:

Hand Weapons
 a - a +1 mace (weapon)
 p - a +0 hunting sling
Missiles
 g - 35 stones
 s - 7 tomahawks (quivered)
Armour
 f - a +1 plate armour (worn)
 h - a +2 pair of gloves (worn)
Jewellery
 j - a +3 ring of evasion (left hand)
Wands
 q - a wand of paralysis (7)
 t - a wand of flame (19)
Scrolls
 b - 3 scrolls of fear
 i - 4 scrolls of teleportation
 m - 3 scrolls of remove curse
 v - a scroll of identify
 w - a scroll of enchant weapon
 y - a scroll of magic mapping
Potions
 d - 2 potions of lignification
 e - 3 potions of haste
 k - 2 potions of heal wounds
 l - 3 potions of brilliance {unknown}
 n - 2 potions of curing
 o - a potion of cancellation {unknown}
 r - a potion of berserk rage {unknown}
 u - 3 potions of degeneration {unknown}
 x - a potion of flight {unknown}
 z - a potion of invisibility {unknown}
Comestibles
 c - 6 rations


   Skills:
 + Level 5.8 Fighting
 + Level 7.6 Maces & Flails
 + Level 0.1 Throwing
 + Level 4.6 Armour
 + Level 2.4 Dodging
 + Level 0.1 Stealth


You had 6 spell levels left.
You didn't know any spells.
Your spell library was empty.

Dungeon Overview and Level Annotations

Branches:
Dungeon (4/15)
 Temple: D:4-7

Altars:
Ashenzari
Yredelemnul


Innate Abilities, Weirdness & Mutations

You reflexively headbutt those who attack you in melee.
You have a pair of horns on your head.
You passively map a small area around you.
Your natural rate of healing is unusually fast.


Message History

* * * LOW HITPOINT WARNING * * *
You thump the two-headed ogre!
Your headbutt misses the two-headed ogre.
The two-headed ogre is severely wounded.
The two-headed ogre hits you with a +0 giant club!
* * * LOW HITPOINT WARNING * * *
The two-headed ogre hits you but does no damage.
Throwing (i - inventory. (/) - cycle)
s - 9 tomahawks (quivered)
Press: ? - help, Shift-Dir - straight line, f/p - two-headed ogre
Aim: a two-headed ogre, wielding a +0 giant club and a +0 dire flail (severely wounded)
You throw a tomahawk. The tomahawk hits the two-headed ogre.
The two-headed ogre is severely wounded.
The two-headed ogre closely misses you. The two-headed ogre misses you.
Throwing (i - inventory. (/) - cycle)
s - 8 tomahawks (quivered)
Press: ? - help, Shift-Dir - straight line, f/p - two-headed ogre
Aim: a two-headed ogre, wielding a +0 giant club and a +0 dire flail (severely wounded)
You throw a tomahawk. The tomahawk hits the two-headed ogre.
The two-headed ogre is almost dead.
The two-headed ogre hits you with a +0 giant club!
You die...

* #.....# *
.....# * ,.....#
##+#* * * ....#
#...# * ....
*.....# ##.# *
,......# ##..# ,
.......####...##
,
......a(oO@....#
......(####...##
......# ##..#
.....# ##.# ,
....# #.# ##+#
#.# * ,*###.#
#.# ,, ...# #.#
##.## #.#


You could see a two-headed ogre, a worker ant and an orc.

Vanquished Creatures
  A centaur (D:4)
  3 water moccasin zombies (Ossuary)
  2 orc wizards (D:3)
  A worker ant (D:4)
  4 big kobold zombies (Ossuary)
  2 mummies (Ossuary)
  6 adders
  An ooze (D:3)
  An adder skeleton (D:2)
  2 adder zombies (Ossuary)
  2 dart slugs (D:3)
  15 orcs
  A ball python (D:1)
  6 bats
  5 giant cockroaches
  A gnoll zombie (Ossuary)
  2 hobgoblins
  7 jackals (D:3)
  A quokka (D:3)
  A frilled lizard (D:3)
  4 goblins
  7 hobgoblin zombies (Ossuary)
  6 kobolds
  6 kobold zombies (Ossuary)
  4 orc zombies (Ossuary)
  7 rats
  A spectral orc (D:2)
99 creatures vanquished.

Vanquished Creatures (others)
  A worm (D:2)
  A rat (D:2)
2 creatures vanquished.

Grand Total: 101 creatures vanquished

Notes
Turn   | Place    | Note
-------+----------+-------------------------------------------
     0 | D:1      | elfaar the Minotaur Berserker began the quest for the Orb.
     0 | D:1      | Reached XP level 1. HP: 19/19 MP: 0/0
   255 | D:1      | Reached XP level 2. HP: 26/27 MP: 1/1
   667 | D:1      | Reached skill level 4 in Maces & Flails
   886 | D:2      | Reached XP level 3. HP: 30/34 MP: 2/2
   911 | D:2      | Found a shattered altar of Ashenzari.
  1076 | D:2      | Found a basalt altar of Yredelemnul.
  1178 | D:2      | Gained mutation: You passively map a small area around you.
                  | [potion of mutation]
  1178 | D:2      | Gained mutation: Your natural rate of healing is unusually
                  | fast. [potion of mutation]
  1178 | D:2      | Gained mutation: Scrolls take you a little longer to read.
                  | [potion of mutation]
  1178 | D:2      | Lost mutation: Scrolls take you a little longer to read.
                  | [potion of mutation]
  1329 | D:3      | Reached ** piety under Trog
  1333 | D:3      | Reached skill level 5 in Maces & Flails
  1333 | D:3      | Reached XP level 4. HP: 41/41 MP: 3/3
  1599 | D:3      | Reached skill level 5 in Fighting
  1599 | D:3      | Reached XP level 5. HP: 48/48 MP: 4/4
  2164 | D:4      | Found a sand-covered staircase.
  2216 | Ossuary  | Entered an ossuary
  2264 | Ossuary  | Reached skill level 6 in Maces & Flails
  2269 | Ossuary  | Reached XP level 6. HP: 42/56 MP: 5/5
  2298 | Ossuary  | Reached *** piety under Trog
  2315 | Ossuary  | Reached skill level 7 in Maces & Flails
  2440 | D:4      | Reached XP level 7. HP: 54/62 MP: 6/6
  2609 | D:4      | Noticed a two-headed ogre
  2624 | D:4      | Mangled by a two-headed ogre

Skill      XL: |  1  2  3  4  5  6 |
---------------+-------------------+-----
Maces & Flails | 4 5 6 7 |  7.6
Fighting       | 4 5 |  5.8
Armour         | 3 4 |  4.6
Throwing       | |  0.1
Dodging        | |  2.4
Stealth        | |  0.1

Action                   |  1- 3 |  4- 6 |  7- 9 || total
-------------------------+-------+-------+-------++-------
Melee: Mace              |    61 |   176 |    17 ||   254
       Headbutt          |     7 |    33 |     2 ||    42
Throw: Stone             |     3 |       |       ||     3
       Tomahawk          |       |       |     3 ||     3
Invok: Berserk           |     1 |     1 |       ||     2
  Use: Scroll            |     8 |     7 |       ||    15
       Potion            |     1 |       |       ||     1
  Eat: Chunk             |     1 |     5 |       ||     6
Armor: Animal skin       |     4 |       |       ||     4
       Plate armour      |    22 |   116 |     8 ||   146
Dodge: Dodged            |    33 |   124 |    12 ||   169
